 Dungeon Crawl Stone Soup version 0.23.2-30-g0e89c35649 (webtiles) character file.

Game seed: 1096893330403819968

82187 shadizar the Blocker (level 15, -7/97 HPs)
             Began as a Gargoyle Fighter on June 20, 2019.
             Was a High Priest of the Shining One.
             Mangled by a white ugly thing (31 damage)
             ... on level 13 of the Dungeon.
             The game lasted 00:52:35 (26245 turns).

shadizar the Blocker (Gargoyle Fighter)            Turns: 26245, Time: 00:52:36

Health: -7/97      AC: 28    Str: 26    XL:     15   Next: 72%
Magic:  18/20      EV: 10    Int:  9    God:    the Shining One [*****.]
Gold:   1761       SH: 29    Dex:  9    Spells: 14/14 levels left

rFire    + . .     SeeInvis +   a - +1 flail (freeze)
rCold    . . .     Gourm    .   C - +0 large shield
rNeg     + + +     Faith    .   F - +2 chain mail {rN+}
rPois    ∞         Spirit   .   W - +1 helmet {SInv}
rElec    +         Reflect  .   n - +0 cloak
rCorr    .         Harm     .   t - +1 pair of gloves
MR       +++..     Rnd*Rage +   (no boots)
Stlth    ..........             (no amulet)
HPRegen  0.26/turn              X - ring "Atze" {rF+ MR+}
MPRegen  0.17/turn              g - ring of protection from magic

@: divine shield, flying, glowing
A: big wings, berserk 1, deformed body, negative energy resistance 1,
electricity resistance, unbreathing, petrification resistance, rot immunity, AC
+11
a: Stop Flying, Divine Shield, Cleansing Flame, Summon Divine Warrior, Renounce
Religion


You were on level 13 of the Dungeon.
You worshipped the Shining One.
The Shining One was extremely pleased with you.
You were not hungry.

You visited 4 branches of the dungeon, and saw 22 of its levels.
You also visited: Ossuary.

You collected 1761 gold pieces.

Inventory:

Hand Weapons
 a - a +1 flail of freezing (weapon)
 s - the +8 demon blade "Leech" {vamp, rN+ AC-3 EV-3}
   (You found it on level 2 of the Orcish Mines)

   It inflicts no extra harm, but heals its wielder when it wounds a living foe.
   It affects your AC (-3).
   It affects your evasion (-3).
   It protects you from negative energy.
   The Shining One disapproves of the use of such an item.
 w - the +8 hunting sling "Dush" {venom, rC+}
   (You found it on level 4 of the Dungeon)

   It poisons the ammo it fires.
   It protects you from cold.
Missiles
 u - 505 arrows
 y - 73 sling bullets
 H - 412 stones (quivered)
Armour
 h - a scarf of cloud immunity
 n - a +0 cloak (worn)
 t - a +1 pair of gloves (worn)
 C - a +0 large shield (worn)
 F - a +2 chain mail of positive energy (worn)
 J - the +1 robe of Funi {rF+++ rC+ Int-2, unknown}
   (You found it on level 12 of the Dungeon)

   It affects your intelligence (-2).
   It renders you almost immune to fire.
   It protects you from cold.
 W - a +1 helmet of see invisible (worn)
 Z - a scarf of spirit shield
Jewellery
 g - a ring of protection from magic (right hand)
 j - an uncursed amulet of faith {unknown}
 k - an uncursed ring of protection from cold
 l - an uncursed amulet of rage {unknown}
 q - an uncursed amulet of harm {unknown}
 A - an uncursed ring of ice
 U - the ring "Gaxops" {Fire Str+6 Dex-3}
   (You found it on level 2 of the Orcish Mines)

   [ring of fire]

   It enhances your fire magic.
   It affects your strength (+6).
   It affects your dexterity (-3).
   It protects you from fire.
   It makes you vulnerable to cold.
 X - the ring "Atze" (left hand) {rF+ MR+}
   (You found it on level 2 of the Orcish Mines)

   [ring of protection from fire]

   It protects you from fire.
   It affects your resistance to hostile enchantments.
Wands
 c - a wand of paralysis (2)
 i - a wand of iceblast (9)
 K - a wand of enslavement (19)
 M - a wand of digging (13)
 O - a wand of polymorph (17)
 R - a wand of disintegration (9)
 S - a wand of flame (10)
Scrolls
 e - 3 scrolls of identify
 m - 3 scrolls of fear
 o - 5 scrolls of enchant weapon
 x - 4 scrolls of remove curse
 D - a scroll of amnesia
 E - a scroll of enchant armour
 L - 2 scrolls of magic mapping
 Q - 7 scrolls of teleportation
Potions
 b - 3 potions of berserk rage
 d - 3 potions of might
 p - 2 potions of ambrosia
 r - a potion of heal wounds
 v - a potion of brilliance
 z - 9 potions of curing
 B - a potion of resistance {unknown}
 G - 2 potions of agility
 I - 4 potions of magic {unknown}
 N - 3 potions of haste
 P - a potion of cancellation {unknown}
 T - a potion of lignification {unknown}
Miscellaneous
 V - 2 sacks of spiders
Comestibles
 f - 30 rations
 Y - 7 chunks of flesh


   Skills:
 + Level 12.5 Fighting
 + Level 11.6 Maces & Flails
 - Level 9.3 Slings
 + Level 12.5 Armour
 + Level 9.2 Dodging
 + Level 12.7 Shields
 + Level 7.7 Invocations


You had 14 spell levels left.
You didn't know any spells.
Your spell library contained the following spells:

 Spells                   Type           Power        Failure   Level  Hunger
 Confusing Touch          Hex            #.....       100%        1    ##.....
 Freeze                   Ice            #...         100%        1    ##.....
 Magic Dart               Conj           #...         100%        1    ##.....
 Sting                    Conj/Pois      #...         100%        1    ##.....
 Summon Small Mammal      Summ           #...         100%        1    ##.....
 Blink                    Tloc           N/A          100%        2    ###....
 Call Imp                 Summ           #.......     100%        2    ###....
 Poisonous Vapours        Pois/Air       #.....       100%        2    ###....
 Slow                     Hex            #.......     100%        2    ###....
 Throw Frost              Conj/Ice       #.....       100%        2    ###....
 Call Canine Familiar     Summ           #.......     100%        3    ####...
 Confuse                  Hex            #.......     100%        3    ####...
 Conjure Flame            Conj/Fire      #.......     100%        3    ####...
 Gell's Gravitas          Tloc           #.........   100%        3    ####...
 Mephitic Cloud           Conj/Pois/Air  #.......     100%        3    ####...
 Ozocubu's Armour         Chrm/Ice       #.......     100%        3    ####...
 Static Discharge         Conj/Air       #.......     100%        3    ####...
 Summon Guardian Golem    Hex/Summ       #.......     100%        3    ####...
 Olgreb's Toxic Radiance  Pois           #.......     100%        4    #####..
 Petrify                  Tmut/Erth      #.......     100%        4    #####..
 Summon Ice Beast         Ice/Summ       #.......     100%        4    #####..
 Summon Lightning Spire   Summ/Air       #.......     100%        4    #####..
 Throw Icicle             Conj/Ice       #.......     100%        4    #####..
 Lightning Bolt           Conj/Air       #.........   100%        5    ######.
 Metabolic Englaciation   Hex/Ice        #.........   100%        5    ######.
 Venom Bolt               Conj/Pois      #.........   100%        5    ######.
 Yara's Violent Unravell  Hex/Tmut       #.........   100%        5    ######.
 Ignition                 Fire           #.........   100%        8    #######
 Shatter                  Erth           #.........   100%        9    #######
 Tornado                  Air            #.........   100%        9    #######


Dungeon Overview and Level Annotations

Branches:
Dungeon (13/15)            Temple (1/1) D:5            Lair (6/6) D:11
 Shoals (0/4) Lair:3        Snake (0/4) Lair:2        Slime (0/5) Lair:6
    Orc (2/2) D:12            Elf (0/3) Orc:2
 Vaults: D:13-14

Altars:
Ashenzari
Cheibriados
Dithmenos
Elyvilon
Fedhas
Gozag
Hepliaklqana
Kikubaaqudgha
Makhleb
Nemelex Xobeh
Okawaru
Qazlal
Ru
Sif Muna
Trog
Uskayaw
Vehumet
Wu Jian
Xom
Yredelemnul
Zin
The Shining One
Beogh
Jiyva

Shops:
D:12 %   Orc:1 (   Orc:2 [(:*

Annotations:
D:5 1 runed translucent door, Crazy Yiuf
Lair:4 exclusion: oklob plant


Innate Abilities, Weirdness & Mutations

You are resistant to torment.
Your stone body is resilient. (AC +11)
You are immune to poison.
Your large and strong wings let you fly indefinitely.
You resist negative energy. (rN+)
You are resistant to electric shocks. (rElec)
You can survive without breathing.
You are immune to petrification.
You are immune to rotting.
You tend to lose your temper in combat.
Armour fits poorly on your strangely shaped body.


Message History

You are too injured to fight recklessly!
There are monsters nearby!
You are too injured to fight recklessly!
The white ugly thing engulfs you but does no damage.
Your shield is strengthened by the Shining One's divine power.
You feel slightly more hungry.
You block the white ugly thing's attack.
You hit the ice beast.
The ice beast is lightly wounded.
You hit the white ugly thing. You freeze the white ugly thing.
The white ugly thing is lightly wounded.
You sock the white ugly thing!
The white ugly thing is moderately wounded.
You block the white ugly thing's attack.
You sock the white ugly thing!
The white ugly thing is heavily wounded.
The white ugly thing engulfs you!
* * * LOW HITPOINT WARNING * * *
The white ugly thing freezes you!!
You die...

#......#..##
#.....)((##
###.....<###
#.............#
#........####...
#........# #........#
###.
###...##############...
#.....@uY..............
########..........#####
#.......####
#.......####
#............
#.....[.##### #.)>....#
#.......# #########


You could see a white ugly thing and an ice beast.

Vanquished Creatures
  Frances (D:13)
  The ghost of KnotZ the Severer, a journeyman DDFi of Okawaru (Orc:2)
  2 stone giants (Orc:2)
  3 ettins (Orc:2)
  9 hydras
  3 catoblepae
  A centaur warrior (D:13)
  A two-headed ogre (D:9)
  A death knight (D:12)
  Urug (Lair:5)
  10 death yaks (Lair:6)
  An orc high priest (Orc:1)
  2 orc knights (Orc:2)
  A deep elf mage (D:12)
  An ugly thing (D:13)
  11 elephants
  3 manticores
  10 cyclopes
  Maurice (D:12)
  Joseph (D:8)
  5 black mambas
  2 gargoyles
  16 spiny frogs
  9 komodo dragons
  2 freezing wraiths
  6 rime drakes
  A kobold demonologist (D:13)
  2 queen bees
  3 meliai
  8 trolls
  2 hornets
  4 blink frogs (Lair:1)
  9 hippogriffs
  67 yaks
  A shadow (D:12)
  2 wraiths (D:12)
  3 basilisks
  6 wyverns
  2 hungry ghosts
  Grum (D:8)
  4 wargs
  2 soldier ants
  21 water moccasins
  Duvessa (D:6)
  4 porcupines
  17 orc warriors
  5 sky beasts
  2 black bears
  2 ice beasts
  16 ogres
  5 phantoms
  16 wolves
  9 crocodiles
  12 centaurs
  5 big kobolds
  Blork the orc (D:6)
  22 bullfrogs
  A gnoll sergeant (D:12)
  A wyvern skeleton (D:11)
  3 scorpions
  Dowan (D:6)
  A water moccasin skeleton (D:6)
  50 killer bees
  2 wights
  5 howler monkeys
  7 crimson imps
  2 quasits
  3 hounds
  2 jellies
  8 orc priests
  2 bullfrog zombies
  3 centaur zombies
  25 orc wizards
  3 centaur skeletons
  Ijyb (D:3)
  Terence (D:2)
  5 hell rats
  6 iguanas
  7 worker ants
  2 big kobold zombies (Ossuary)
  2 hound zombies
  2 mummies (Ossuary)
  3 worker ant zombies
  4 howler monkey skeletons
  20 adders
  3 gnolls (D:9)
  4 shadow imps
  An adder zombie (Ossuary)
  An adder skeleton (D:3)
  4 worms
  2 dart slugs (D:1)
  7 leopard geckos
  79 orcs
  8 giant cockroaches
  10 goblins
  7 hobgoblins
  6 jackals
  7 quokkas
  5 ball pythons
  4 bats
  3 frilled lizards
  A goblin zombie (Ossuary)
  9 hobgoblin zombies (Ossuary)
  A jackal skeleton (D:7)
  A jackal zombie (Ossuary)
  7 kobolds
  7 kobold zombies (Ossuary)
  11 orc zombies (Ossuary)
  2 quokka skeletons (D:4)
  6 rats
  4 rat zombies
731 creatures vanquished.

Vanquished Creatures (others)
  34 fungi
  22 plants
56 creatures vanquished.

Grand Total: 787 creatures vanquished

Notes
Turn   | Place    | Note
-------+----------+-------------------------------------------
     0 | D:1      | shadizar the Gargoyle Fighter began the quest for the Orb.
     0 | D:1      | Reached XP level 1. HP: 14/14 MP: 1/1
   155 | D:1      | Reached XP level 2. HP: 19/19 MP: 2/2
   535 | D:2      | Reached XP level 3. HP: 23/23 MP: 3/3
   552 | D:2      | Found a bloodstained altar of Trog.
   750 | D:2      | Found a white marble altar of Elyvilon.
   804 | D:2      | Found an iron altar of Okawaru.
   807 | D:2      | Found a stormy altar of Qazlal.
   835 | D:2      | Found a hide-covered altar of Uskayaw.
   838 | D:2      | Found a burning altar of Makhleb.
   882 | D:2      | Noticed Terence
   900 | D:2      | Killed Terence
   900 | D:2      | Reached XP level 4. HP: 17/29 MP: 4/4
  1480 | D:3      | Found a glowing silver altar of Zin.
  1606 | D:3      | Found a sacrificial altar of Ru.
  1734 | D:3      | Reached XP level 5. HP: 32/33 MP: 5/5
  1805 | D:3      | Noticed Ijyb
  1853 | D:3      | Killed Ijyb
  2195 | D:4      | Noticed an ogre
  2289 | D:4      | Got a smoking hunting sling
  2402 | D:5      | Entered Level 5 of the Dungeon
  2423 | D:5      | Reached XP level 6. HP: 36/38 MP: 6/6
  2459 | D:5      | Reached skill level 1 in Dodging
  2459 | D:5      | Reached skill level 5 in Shields
  2536 | D:4      | Identified the +8 hunting sling "Dush" {venom, rC+} (You
                  | found it on level 4 of the Dungeon)
  2669 | D:4      | Found a basalt altar of Yredelemnul.
  2736 | D:4      | Reached XP level 7. HP: 44/44 MP: 7/7
  2962 | D:5      | Reached skill level 1 in Slings
  3128 | D:5      | Found a snail-covered altar of Cheibriados.
  3220 | D:5      | Reached skill level 5 in Armour
  3296 | D:5      | Reached XP level 8. HP: 48/48 MP: 8/8
  3318 | D:5      | Found a sparkling altar of Nemelex Xobeh.
  3324 | D:5      | Reached skill level 5 in Fighting
  3380 | D:5      | Found a runed translucent door.
  3381 | D:5      | Noticed Crazy Yiuf
  3434 | D:5      | Found a staircase to the Ecumenical Temple.
  3454 | Temple   | Entered the Ecumenical Temple
  3512 | Temple   | Became a worshipper of the Shining One
  3662 | D:5      | Found a shadowy altar of Dithmenos.
  3887 | D:6      | Noticed Dowan
  3888 | D:6      | Noticed Duvessa
  3897 | D:6      | Killed Dowan
  3897 | D:6      | Reached skill level 5 in Maces & Flails
  3905 | D:6      | Killed Duvessa
  4171 | D:6      | Reached XP level 9. HP: 49/55 MP: 9/9
  4251 | D:6      | Found a shimmering altar of Xom.
  4713 | D:6      | Noticed Blork the orc
  4718 | D:6      | Killed Blork the orc
  5106 | D:7      | Reached * piety under the Shining One
  5460 | D:7      | Reached XP level 10. HP: 49/61 MP: 10/10
  6000 | D:8      | Found an ancient bone altar of Kikubaaqudgha.
  6041 | D:8      | Noticed Joseph
  6052 | D:8      | Killed Joseph
  6073 | D:8      | Found a sand-covered staircase.
  6150 | Ossuary  | Entered an ossuary
  6197 | Ossuary  | Reached ** piety under the Shining One
  6259 | Ossuary  | Reached *** piety under the Shining One
  6307 | Ossuary  | Reached **** piety under the Shining One
  6551 | D:8      | Noticed Grum
  6886 | D:8      | Killed Grum
  7178 | D:8      | Reached skill level 5 in Slings
  7347 | D:9      | Noticed a two-headed ogre
  7369 | D:9      | Killed a two-headed ogre
  7369 | D:9      | Reached skill level 5 in Dodging
  7630 | D:9      | Found a blossoming altar of Fedhas.
  7903 | D:9      | Reached XP level 11. HP: 68/68 MP: 11/11
  8506 | D:10     | Entered Level 10 of the Dungeon
  9457 | D:11     | Reached ***** piety under the Shining One
 10255 | D:11     | Found an ancient bone altar of Kikubaaqudgha.
 10959 | D:11     | Found a staircase to the Lair.
 11406 | Lair:1   | Entered Level 1 of the Lair of Beasts
 11469 | Lair:1   | Reached XP level 12. HP: 64/76 MP: 12/12
 11558 | Lair:1   | HP: 3/76 [rime drake/flash freeze (28)]
 12402 | Lair:1   | Identified a scroll of acquirement
 12409 | Lair:1   | Got a shimmering hunting sling
 12420 | Lair:1   | Identified the +3 hunting sling "Meifos" {freeze, Int+2}
                  | (You acquired it on level 1 of the Lair of Beasts)
 12472 | Lair:2   | Noticed a six-headed hydra
 12483 | Lair:2   | Killed a six-headed hydra
 12527 | Lair:2   | Reached skill level 10 in Shields
 12817 | Lair:2   | Noticed a five-headed hydra
 12833 | Lair:2   | Killed a five-headed hydra
 13151 | Lair:2   | Found a staircase to the Snake Pit.
 13166 | Lair:2   | Reached skill level 10 in Armour
 13253 | Lair:2   | Reached skill level 10 in Fighting
 14077 | Lair:3   | Found a staircase to the Shoals.
 14190 | Lair:3   | Reached XP level 13. HP: 71/82 MP: 13/13
 14398 | Lair:3   | Reached skill level 1 in Invocations
 15128 | Lair:3   | You fall through a shaft!
 16357 | Lair:4   | Reached skill level 10 in Maces & Flails
 17154 | Lair:5   | Noticed Urug
 17166 | Lair:5   | Killed Urug
 18025 | Lair:6   | Entered Level 6 of the Lair of Beasts
 18119 | Lair:5   | Gained mutation: Your large and strong wings let you fly
                  | indefinitely. [Gargoyle growth]
 18119 | Lair:5   | Reached XP level 14. HP: 78/90 MP: 17/17
 19675 | Lair:6   | Reached skill level 5 in Invocations
 21024 | Lair:6   | Found a viscous altar of Jiyva.
 21024 | Lair:6   | Found a staircase to the Slime Pits.
 22222 | D:12     | Found Monwoloofu's Food Boutique.
 22527 | D:12     | Reached XP level 15. HP: 96/96 MP: 19/19
 22581 | D:12     | Got a wizard robe
 22969 | D:12     | Found a staircase to the Orcish Mines.
 23046 | Orc:1    | Entered Level 1 of the Orcish Mines
 23046 | Orc:1    | Found Qeum's Antique Weapon Shop.
 23609 | Orc:2    | Entered Level 2 of the Orcish Mines
 23728 | Orc:2    | Found a staircase to the Elven Halls.
 23944 | Orc:2    | Found Zagohyt's General Store.
 24255 | Orc:2    | Found Ciyptarr's Book Shop.
 24352 | Orc:2    | Found Tapifefo's Antique Armour Emporium.
 24413 | Orc:2    | Noticed KnotZ's ghost (journeyman DDFi)
 24415 | Orc:2    | Found a transporter.
 24417 | Orc:2    | Found the +8 demon blade "Leech" {vamp, rN+ AC-3 EV-3}
 24481 | Orc:2    | Found a transporter.
 25059 | Orc:2    | Found Buethiofot's Antique Weapon Emporium.
 25135 | Orc:2    | Found a roughly hewn altar of Beogh.
 25509 | Orc:2    | Killed KnotZ's ghost
 25537 | Orc:2    | Got a warped silver ring
 25539 | Orc:2    | Got a faintly glowing granite ring
 25553 | Orc:2    | Identified the ring "Gaxops" {Fire Str+6 Dex-3} (You found
                  | it on level 2 of the Orcish Mines)
 25555 | Orc:2    | Identified the ring "Atze" {rF+ MR+} (You found it on level
                  | 2 of the Orcish Mines)
 25800 | D:12     | Noticed Maurice
 25810 | D:12     | Killed Maurice
 25994 | D:13     | Noticed Frances
 26012 | D:13     | Gained mutation: You tend to lose your temper in combat. [a
                  | neqoxec]
 26015 | D:13     | Gained mutation: Armour fits poorly on your strangely
                  | shaped body. [a neqoxec]
 26020 | D:13     | Killed Frances
 26245 | D:13     | Mangled by a white ugly thing

Skill      XL: |  1  2  3  4  5  6  7  8  9 10 11 12 13 14 15 |
---------------+----------------------------------------------+-----
Shields        | 4 5 6 7 8 9 10 11 12 | 12.7
Armour         | 4 5 7 8 9 10 11 12 | 12.5
Maces & Flails | 3 4 5 6 7 8 9 10 11 | 11.6
Fighting       | 4 5 6 8 9 10 11 12 | 12.5
Dodging        | 1 2 3 4 5 6 7 8 9 |  9.2
Slings         | 1 3 4 5 6 7 8 9 |  9.3
Invocations    | 4 6 7 |  7.7

Action                   |  1- 3 |  4- 6 |  7- 9 | 10-12 | 13-15 || total
-------------------------+-------+-------+-------+-------+-------++-------
Melee: Flail             |   130 |   219 |   241 |  1153 |  1809 ||  3552
 Fire: Hunting sling     |       |    12 |   121 |    35 |    94 ||   262
Invok: Divine Shield     |       |       |       |       |    17 ||    17
       Cleansing Flame   |       |       |       |       |     4 ||     4
 Abil: Fly               |       |       |       |       |     1 ||     1
  Use: Scroll            |       |       |       |    16 |    15 ||    31
       Potion            |       |       |       |     6 |     5 ||    11
  Eat: Chunk             |       |     6 |     6 |    27 |    31 ||    70
       Ration            |       |       |     1 |     2 |     4 ||     7
Armor: Scale mail        |    84 |   113 |   150 |   198 |       ||   545
       Chain mail        |       |       |       |   445 |  1049 ||  1494
Dodge: Dodged            |    34 |    83 |    97 |   493 |   610 ||  1317
Block: Shield            |    73 |   160 |   191 |   726 |       ||  1150
       Large shield      |       |       |       |   194 |  2360 ||  2554
